 Dungeon Crawl Stone Soup version 0.32-a0-42-ga30500b4d3 (webtiles) character file.

Game seed: 10364816872766731792

599 pokeman the Magician (level 7, -1/38 HPs)
             Began as a Deep Elf Hedge Wizard on Jan 29, 2024.
             Shot with a bolt by an orc warrior (17 damage)
             ... on level 6 of the Dungeon.
             The game lasted 00:07:38 (3937 turns).

pokeman the Magician (Deep Elf Hedge Wizard)        Turns: 3937, Time: 00:07:38

Health: -1/38      AC:  7    Str:  9    XL:     7   Next: 17%
Magic:  26/29      EV: 13    Int: 21    God:
Gold:   231        SH:  0    Dex: 14    Spells: 13/21 levels left

rFire   . . .        E - +5 woodcutter's axe
rCold   . . .        (shield currently unavailable)
rNeg    + . .        x - +2 animal skin
rPois   .            y - +0 helmet
rElec   +            b - +0 cloak
rCorr   .            g - +0 pair of gloves
SInv    .            (no boots)
Will    .....        A - amulet of magic regeneration
Stlth   ++           m - ring of magical power
HPRegen 0.26/turn    G - ring of Zin's Esteem {rElec rN+ Str+2}
MPRegen 0.61/turn

%: no passive effects
@: no status effects
A: no striking features
a: no special abilities


You were on level 6 of the Dungeon.
You visited 1 branch of the dungeon, and saw 5 of its levels.

You collected 231 gold pieces.

Inventory:

Hand Weapons
 n - a +3 dagger of venom
 q - the +7 mace "Nadicaom" {drain, Int+3}
   (You found it on level 2 of the Dungeon)

   Int+3:     It affects your intelligence (+3).
 E - the +5 woodcutter's axe (weapon)
   (You took it off a gnoll on level 4 of the Dungeon)
Missiles
 F - a throwing net
Armour
 b - a +0 cloak (worn)
 g - a +0 pair of gloves (worn)
 j - a +0 buckler
 x - a +2 animal skin (worn)
 y - a +0 helmet (worn)
Jewellery
 m - a ring of magical power (left hand)
 t - an amulet of guardian spirit
 A - an amulet of magic regeneration (around neck)
 G - the ring of Zin's Esteem (right hand) {rElec rN+ Str+2}
   (You found it on level 4 of the Dungeon)

   [ring of positive energy]

   Str+2:     It affects your strength (+2).
   rElec:     It insulates you from electricity.
   rN+:       It protects you from negative energy.
Wands
 p - a wand of light (13)
Scrolls
 f - 9 scrolls of identify {unknown}
 h - 3 scrolls of teleportation {unknown}
 i - a scroll of summoning {unknown}
 k - a scroll of blinking {unknown}
 l - a scroll of vulnerability {unknown}
 o - 5 scrolls of brand weapon {unknown}
 u - 2 scrolls of fear {unknown}
 w - a scroll of noise {unknown}
 z - a scroll of torment {unknown}
 B - a scroll of revelation {unknown}
Potions
 a - a potion of degeneration {unknown}
 c - a potion of heal wounds {unknown}
 d - a potion of magic
 e - a potion of mutation {unknown}
 r - a potion of curing {unknown}
 s - 4 potions of haste {unknown}
 v - a potion of resistance {unknown}
 C - a potion of enlightenment {unknown}
 D - a potion of might {unknown}


   Skills:
 - Level 1.0 Fighting
 - Level 1.0 Armour
 - Level 4.1 Dodging
 - Level 3.0 Stealth
 - Level 1.2 Shields
 * Level 7.8 Spellcasting
 + Level 3.8 Conjurations
 - Level 1.1 Summonings
 - Level 1.1 Translocations
 + Level 0.6 Air Magic
 + Level 0.6 Alchemy
 - Level 1.2 Evocations


You had 13 spell levels left.
You knew the following spells:

 Your Spells              Type           Power      Damage    Failure   Level
a - Magic Dart            Conj           96%        1d7       1%          1
b - Mephitic Cloud        Conj/Alch/Air  15%        N/A       12%         3
c - Call Imp              Summ           24%        N/A       8%          2
d - Blink                 Tloc           24%        N/A       8%          2

Your spell library contained the following spells:

 Spells                   Type           Power      Damage    Failure   Level
 Apportation              Tloc           24%        N/A       5%          1
 Slow                     Hex            32%        N/A       9%          1
 Cigotuvi's Dreadful Rot  Necr/Alch/Air  20%        N/A       11%         2
 Jinxbite                 Hex            16%        N/A       12%         2
 Alistair's Intoxication  Alch           7%         N/A       86%         5


Dungeon Overview and Level Annotations

Branches:
Dungeon (6/15)
 Temple: D:4-7

Altars:


Message History

The orc shouts!
You hear a shout!
Casting: Magic Dart (safe; 1% risk of failure)
Confirm with . or Enter, or press ? or * to list all spells.
Aiming: Magic Dart (safe; 1% risk of failure)
Press: ? - help, Shift-Dir - straight line, f/p - orc
Aim: an orc, wielding a +0 flail (moderately wounded, 100% to hit)
The magic dart hits the orc.
The orc is almost dead.
A black bear comes into view.
An orc warrior comes into view. It is wielding a +0 dire flail.
Casting: Magic Dart (safe; 1% risk of failure)
Confirm with . or Enter, or press ? or * to list all spells.
Aiming: Magic Dart (safe; 1% risk of failure)
Press: ? - help, Shift-Dir - straight line, f/p - orc
Aim: an orc, wielding a +0 flail (almost dead, 100% to hit)
The magic dart hits the orc.
You kill the orc!
The black bear growls angrily.
The orc warrior unwields a +0 dire flail.
The orc warrior wields a +0 arbalest.
The orc warrior shoots a bolt.
The bolt hits you!
You hear a loud, deep croak!
The orc warrior shoots a bolt.
The bolt hits you!
A bullfrog comes into view.
You hear a shout!
Casting: Magic Dart (safe; 1% risk of failure)
Confirm with . or Enter, or press ? or * to list all spells.
Aiming: Mephitic Cloud (dangerous; 12% risk of failure)
Press: ? - help, Shift-Dir - straight line, f - black bear
Aim: a black bear (chance to affect: 72%)
Okay, then.
Casting: Mephitic Cloud (dangerous; 12% risk of failure)
Confirm with . or Enter, or press ? or * to list all spells.
Aiming: Mephitic Cloud (dangerous; 12% risk of failure)
Press: ? - help, Shift-Dir - straight line, f - black bear
Aim: a black bear (chance to affect: 72%)
The ball explodes into a vile cloud!
The stinking cloud engulfs the black bear.
The orc warrior shoots a bolt.
The bolt hits you!
You die...

.o .## ## .
...#. .. )...
.# #§§##.. .
§h§. #..
##§####
#...####.@...#
#>.........#
#####>.....#
##.....#
#.....#
#######


You could see an orc warrior and a black bear.

Vanquished Creatures
  A sky beast (D:3)
  A bullfrog (D:4)
  A gnoll sergeant (D:4)
  2 bombardier beetles
  A sleepcap (D:4)
  A gnoll bouda (D:4)
  An orc wizard (D:4)
  Robin (D:3)
  11 gnolls (D:4)
  2 adders (D:2)
  2 dart slugs (D:1)
  2 ribbon worms (D:2)
  4 orcs
  7 endoplasms
  18 goblins
  12 hobgoblins
  5 kobolds
  6 quokkas
  2 ball pythons
  6 bats
  A frilled lizard (D:1)
  5 rats
92 creatures vanquished.

Notes
Turn   | Place    | Note
-------+----------+-------------------------------------------
     0 | D:1      | pokeman the Deep Elf Hedge Wizard began the quest for the
                  | Orb.
     0 | D:1      | Reached XP level 1. HP: 10/10 MP: 7/7
   279 | D:1      | Reached XP level 2. HP: 16/16 MP: 3/9
   893 | D:1      | Found a faded altar of an unknown god.
   911 | D:1      | Reached skill level 5 in Spellcasting
  1418 | D:2      | Reached XP level 3. HP: 20/20 MP: 11/11
  1424 | D:1      | Learned a level 3 spell: Mephitic Cloud
  1427 | D:1      | Learned a level 2 spell: Call Imp
  1430 | D:1      | Learned a level 2 spell: Blink
  1655 | D:2      | Identified the +7 mace "Nadicaom" {drain, Int+3}
  1751 | D:2      | Reached skill level 1 in Fighting
  1751 | D:2      | Reached skill level 1 in Armour
  2365 | D:3      | Reached XP level 4. HP: 25/25 MP: 13/13
  2575 | D:3      | Noticed Robin
  2613 | D:3      | Killed Robin
  2614 | D:3      | Reached skill level 6 in Spellcasting
  2791 | D:3      | Reached XP level 5. HP: 29/29 MP: 15/15
  3040 | D:3      | Noticed a sky beast
  3053 | D:3      | Killed a sky beast
  3054 | D:3      | Reached skill level 1 in Shields
  3335 | D:4      | Reached XP level 6. HP: 34/34 MP: 17/17
  3439 | D:4      | Reached skill level 7 in Spellcasting
  3706 | D:4      | Reached skill level 1 in Evocations
  3713 | D:4      | Reached XP level 7. HP: 25/38 MP: 20/20
  3812 | D:4      | Identified the ring of Zin's Esteem {rElec rN+ Str+2}
  3924 | D:4      | You fall into a shaft and drop 2 floors!
  3937 | D:6      | Shot with a bolt by an orc warrior

Illustrated notes

Levels and vault maps discovered:
D:1:      nzn_arrival_water_spiral, layout_basic,
          shapermc_ecumenical_altar_starsandcircs, minmay_distorted
D:2:      layout_loops_ring, chequers_mini_garden
D:3:      layout_basic, uniq_robin
D:4:      layout_loops_cross, kennysheep_diamond, pf_guarded_unrand_woodcutter
D:6:      layout_rooms, minmay_temple_entry_statues_pillars,
          chequers_serial_rivers_marsh, billiards_dpeg

Skill      XL: |  1  2  3  4  5  6 |
---------------+-------------------+-----
Spellcasting   | 5 6 7 |  7.8
Fighting       | 1 |  1.0
Armour         | 1 |  1.0
Conjurations   | 2 3 |  3.8
Dodging        | 3 4 |  4.1
Shields        | 1 |  1.2
Stealth        | 3 |  3.0
Evocations     | 1 |  1.2
Summonings     | |  1.1
Translocations | |  1.1
Air Magic      | |  0.6
Alchemy        | |  0.6

Action                     |  1- 3 |  4- 6 |  7- 9 || total
---------------------------+-------+-------+-------++-------
  Melee: Dagger            |    15 |       |       ||    15
         Punch             |     1 |       |       ||     1
         Mace              |       |    31 |     7 ||    38
   Cast: Magic Dart        |   101 |   103 |     9 ||   213
         Mephitic Cloud    |     3 |     6 |     1 ||    10
         Call Imp          |       |     1 |       ||     1
   Stab: Confused          |     3 |     6 |     1 ||    10
 Armour: Robe              |     9 |    16 |       ||    25
         Animal skin       |       |    18 |     4 ||    22
  Dodge: Dodged            |    12 |    34 |     2 ||    48

Table legend: (Time is in decaauts)
 A = Elapsed time spent in this place.
 B = Non-inter-level travel time spent in this place.
 C = Inter-level travel time spent in this place.
 D = Time resting spent in this place.
 E = Time spent auto-exploring this place.
 F = Levels seen in this place.
 G = Mean time per level.
                   A        B        C        D        E       F      G
               +--------+--------+--------+--------+--------+-----+--------+
         Total |   3953 |   3885 |     68 |      8 |   3305 |   5 |  790.6 |
       Dungeon |   3953 |   3885 |     68 |      8 |   3305 |   5 |  790.6 |
               +--------+--------+--------+--------+--------+-----+--------+

Top non-repeatable levels by time:
     D:1: 1434 daAuts
     D:3: 935 daAuts
     D:2: 869 daAuts
     D:4: 701 daAuts
     D:6: 12 daAuts
